 Dungeon Crawl Stone Soup version 0.24.0-123-gd5b16e6ec5 (webtiles) character file.

Game seed: 2553394441840994552, levelgen mode: deterministic

67 FishyPogo the Charmwright (level 4, -2/38 HPs)
             Began as a Gnoll Skald on Jan 1, 2020.
             Slain by a hound (6 damage)
             ... on level 4 of the Dungeon.
             The game lasted 00:04:05 (767 turns).

FishyPogo the Charmwright (Gnoll Skald)              Turns: 767, Time: 00:04:06

Health: -2/38      AC:  3    Str: 14    XL:     4   Next: 18%
Magic:  11/11      EV: 14    Int: 16    God:
Gold:   96         SH:  0    Dex: 14    Spells: 2/13 levels left

rFire    . . .     SeeInvis .   a - +0 falchion
rCold    . . .     Gourm    .   (no shield)
rNeg     . . .     Faith    .   b - +0 leather armour
rPois    .         Spirit   .   (no helmet)
rElec    .         Reflect  .   (no cloak)
rCorr    +         Harm     .   (no gloves)
MR       .....     Rnd*Tele +   (no boots)
Stlth    +.........             (no amulet)
HPRegen  0.12/turn              k - ring of teleportation
MPRegen  0.12/turn              i - ring of resist corrosion

@: lethally poisoned (-2 -> -4)
A: distributed training, fangs 1, strong nose
a: no special abilities


You were on level 4 of the Dungeon.
You were hungry.

You visited 1 branch of the dungeon, and saw 4 of its levels.

You collected 96 gold pieces.

Inventory:

Hand Weapons
 a - a +0 falchion (weapon)
Missiles
 c - 15 poisoned darts (quivered)
Armour
 b - a +0 leather armour (worn)
Jewellery
 h - an uncursed ring of ice
 i - a ring of resist corrosion (right hand)
 k - a ring of teleportation (left hand)
Wands
 m - a wand of digging (4)
Scrolls
 f - a scroll of remove curse
Potions
 j - a potion of magic
Comestibles
 d - a ration
 g - 15 chunks of flesh


   Skills:
 + Level 4.6 Fighting
 + Level 1.0 Short Blades
 + Level 4.6 Long Blades
 + Level 1.0 Axes
 + Level 1.0 Maces & Flails
 + Level 1.0 Polearms
 + Level 1.0 Staves
 + Level 1.0 Slings
 + Level 1.0 Bows
 + Level 1.0 Crossbows
 + Level 1.0 Throwing
 + Level 2.7 Armour
 + Level 4.6 Dodging
 + Level 1.0 Stealth
 + Level 1.0 Shields
 + Level 1.0 Unarmed Combat
 + Level 5.0 Spellcasting
 + Level 0.8 Conjurations
 + Level 0.8 Hexes
 + Level 5.4 Charms
 + Level 0.8 Summonings
 + Level 0.8 Necromancy
 + Level 0.8 Translocations
 + Level 0.8 Transmutations
 + Level 0.8 Fire Magic
 + Level 0.8 Ice Magic
 + Level 0.8 Air Magic
 + Level 0.8 Earth Magic
 + Level 0.8 Poison Magic
 + Level 1.1 Invocations
 + Level 1.0 Evocations


You had 2 spell levels left.
You knew the following spells:

 Your Spells              Type           Power        Failure   Level  Hunger
h - Regeneration          Chrm/Necr      ##........   16%         3    ###....
n - Spectral Weapon       Hex/Chrm       ##......     16%         3    ###....
p - Shroud of Golubria    Chrm/Tloc      ##....       8%          2    #......
u - Song of Slaying       Chrm           ###.....     3%          2    #......
y - Infusion              Chrm           ###.         1%          1    None

Your spell library contained the following spells:

 Spells                   Type           Power        Failure   Level  Hunger


Dungeon Overview and Level Annotations

Branches:
Dungeon (4/15)
 Temple: D:4-7

Altars:


Innate Abilities, Weirdness & Mutations

Your experience applies equally to all skills.
You have very sharp teeth.
Your uncanny sense of smell can sniff out nearby items.


Message History

The hound is lightly wounded.
The orc wizard hits the bush but does no damage.
The hound bites you but does no damage.
You hit the hound but do no damage. Your bite misses the hound.
The hound is lightly wounded.
You feel sick. The hound closely misses you.
You riposte.
You hit the hound.
The hound is heavily wounded.
The orc wizard hits the bush with a +0 dagger.
The hound bites you but does no damage.
You barely miss the hound.
The hound is heavily wounded.
The hound bites you but does no damage.
The orc wizard hits the bush with a +0 dagger.
The hound bites you.
* * * LOW HITPOINT WARNING * * *
You hit the hound.
The hound is almost dead.
The orc wizard hits the bush but does no damage.
The hound bites you.
You die...

#..# #..........§ #..#
#.........§§ #.####
#..####.........§§
......####..#............
.........##..............
.....)....#.............>
#.........#..............
#.)......................
#.......@...............
....♣.hP♣P...###...... .
♣..o♣♣♣..# ##### ♣#'#♣
...# #.# ...# .$( P..#
##.##....# ### ..#


You could see a hound and an orc wizard.

Vanquished Creatures
  Terence (D:3)
  An adder (D:4)
  A dart slug (D:1)
  A leopard gecko (D:2)
  5 orcs (D:3)
  2 giant cockroaches (D:3)
  3 goblins (D:3)
  A hobgoblin (D:2)
  A quokka (D:3)
  3 bats
  4 frilled lizards
  2 kobolds
  A rat (D:2)
  3 plants (D:1)
29 creatures vanquished.

Notes
Turn   | Place    | Note
-------+----------+-------------------------------------------
     0 | D:1      | FishyPogo the Gnoll Skald began the quest for the Orb.
     0 | D:1      | Reached XP level 1. HP: 20/20 MP: 6/6
   377 | D:2      | Reached XP level 2. HP: 20/26 MP: 7/7
   525 | D:2      | Learned a level 2 spell: Song of Slaying
   528 | D:2      | Learned a level 2 spell: Shroud of Golubria
   571 | D:3      | Reached XP level 3. HP: 18/31 MP: 7/9
   574 | D:3      | Reached skill level 5 in Spellcasting
   594 | D:3      | Learned a level 3 spell: Regeneration
   599 | D:3      | Learned a level 3 spell: Spectral Weapon
   664 | D:3      | Noticed Terence
   676 | D:3      | Killed Terence
   676 | D:3      | Reached skill level 1 in Short Blades
   676 | D:3      | Reached skill level 1 in Axes
   676 | D:3      | Reached skill level 1 in Maces & Flails
   676 | D:3      | Reached skill level 1 in Polearms
   676 | D:3      | Reached skill level 1 in Staves
   676 | D:3      | Reached skill level 1 in Slings
   676 | D:3      | Reached skill level 1 in Bows
   676 | D:3      | Reached skill level 1 in Crossbows
   676 | D:3      | Reached skill level 1 in Throwing
   676 | D:3      | Reached skill level 1 in Stealth
   676 | D:3      | Reached skill level 1 in Shields
   676 | D:3      | Reached skill level 1 in Unarmed Combat
   676 | D:3      | Reached skill level 1 in Invocations
   676 | D:3      | Reached skill level 1 in Evocations
   676 | D:3      | Reached XP level 4. HP: 28/38 MP: 6/11
   767 | D:4      | Slain by a hound

Levels and vault maps discovered:
D:1:      nagdon_arrival_zigzag_paths, layout_basic
D:2:      layout_rooms, nicolae_overflow_hidden_temple, minivault_4,
          kennysheep_generic_room_14
D:3:      layout_rooms, dancing_weapons_uskayaw, uniq_terence, uniq_ijyb
D:4:      layout_cave_pods, first_ration, serial_park, serial_park_avenue1,
          serial_park_gazebo [serial_park_minivault_5x5_2], serial_park_square3
          [serial_park_minivault_5x5_4], serial_park_square1
          [serial_park_minivault_5x5_3], chequers_serial_rivers_large_a,
          uniq_duvessa

Skill      XL: |  1  2  3 |
---------------+----------+-----
Spellcasting   | 5 |  5.0
Short Blades   | 1 |  1.0
Axes           | 1 |  1.0
Maces & Flails | 1 |  1.0
Polearms       | 1 |  1.0
Staves         | 1 |  1.0
Slings         | 1 |  1.0
Bows           | 1 |  1.0
Crossbows      | 1 |  1.0
Throwing       | 1 |  1.0
Stealth        | 1 |  1.0
Shields        | 1 |  1.0
Unarmed Combat | 1 |  1.0
Invocations    | 1 |  1.1
Evocations     | 1 |  1.0
Fighting       | |  4.6
Long Blades    | |  4.6
Armour         | |  2.7
Dodging        | |  4.6
Conjurations   | |  0.8
Hexes          | |  0.8
Charms         | |  5.4
Summonings     | |  0.8
Necromancy     | |  0.8
Translocations | |  0.8
Transmutations | |  0.8
Fire Magic     | |  0.8
Ice Magic      | |  0.8
Air Magic      | |  0.8
Earth Magic    | |  0.8
Poison Magic   | |  0.8

Action                   |  1- 3 |  4- 6 || total
-------------------------+-------+-------++-------
Melee: Falchion          |   226 |    15 ||   241
       Bite              |    35 |     2 ||    37
 Cast: Song of Slaying   |     1 |       ||     1
       Regeneration      |     3 |       ||     3
       Shroud of Golubri |     1 |       ||     1
  Use: Scroll            |       |     3 ||     3
 Stab: Sleeping          |     1 |       ||     1
Armor: Leather armour    |    14 |     5 ||    19
Dodge: Dodged            |    50 |    10 ||    60
       Rpst.: Falchion   |    21 |     3 ||    24
